 Dungeon Crawl Stone Soup version 0.17.1-1-g73c8601 (webtiles) character file.

10604 FloraKitsune the Covert (level 11, -7/66 HPs)
             Began as a Kobold Enchanter on Dec 24, 2015.
             Was a Priest of Fedhas.
             Mangled by a spiny frog (18 damage)
             ... on level 2 of the Lair of Beasts.
             The game lasted 01:10:23 (14319 turns).

FloraKitsune the Covert (Kobold Enchanter)         Turns: 14319, Time: 01:10:24

Health: -7/66      AC:  6    Str:  6    XL:     11   Next: 96%
Magic:  15/15      EV: 23    Int: 13    God:    Fedhas [***...]
Gold:   641        SH:  0    Dex: 21    Spells: 4 memorised, 5 levels left

rFire  + . .     SeeInvis +     G - +1 short sword (elec)
rCold  . . .     Clarity  .     b - +1 robe
rNeg   . . .     SustAt   .     (shield restricted)
rPois  +         Gourm    .     a - +0 helmet (curse)
rElec  .         Spirit   .     u - +0 cloak {rPois}
rCorr  .         Warding  .     r - +0 pair of gloves
rMut   .         Stasis   .     (no boots)
MR     .....                    (no amulet)
Stlth  +++++++...               B - ring of protection from fire
                                e - ring of see invisible

@: lethally poisoned (-7 -> -14), not resistant to hostile enchantments,
extremely stealthy
A: carnivore 3
a: Evolution, Sunlight, Growth, Renounce Religion


You were on level 2 of the Lair of Beasts.
You worshipped Fedhas.
Fedhas was most pleased with you.
You were very hungry.

You visited 3 branches of the dungeon, and saw 13 of its levels.

You collected 690 gold pieces.
You spent 49 gold pieces at shops.

Inventory:

Hand Weapons
 G - a +1 short sword of electrocution (weapon)
Missiles
 v - a throwing net (quivered)
Armour
 a - a cursed +0 helmet (worn)
 b - a +1 robe (worn)
 r - a +0 pair of gloves (worn)
 u - a +0 cloak of poison resistance (worn)
 y - a +0 buckler
Jewellery
 e - a ring of see invisible (left hand)
 B - a ring of protection from fire (right hand)
Wands
 A - a wand of cold (9)
 H - a wand of lightning (7)
Scrolls
 h - 6 scrolls of remove curse
 i - 2 scrolls of recharging
 k - 2 scrolls of enchant weapon
 l - a scroll of enchant armour
 n - 2 scrolls of teleportation
 o - 2 scrolls of noise {unknown}
 q - 2 scrolls of blinking {unknown}
 w - a scroll of fog {unknown}
 x - a scroll of magic mapping {unknown}
 C - 2 scrolls of amnesia
 L - a scroll of immolation {unknown}
Potions
 f - 4 potions of brilliance
 g - 7 potions of heal wounds
 j - a potion of might
 m - a potion of resistance
 s - 4 potions of curing
 D - a potion of lignification {unknown}
 E - a potion of flight {unknown}
 F - 2 potions of haste
 I - a potion of cancellation {unknown}
 J - a potion of agility {unknown}
Books
 c - a book of Maledictions

   Spells                             Type                      Level
   a - Corona                         Hexes                        1
   b - Ensorcelled Hibernation        Hexes/Ice                    2
   c - Confuse                        Hexes                        3
   d - Tukima's Dance                 Hexes                        3
   e - Dazzling Spray                 Conjuration/Hexes            3
 p - a book of Clouds

   Spells                             Type                      Level
   a - Mephitic Cloud                 Conjuration/Poison/Air       3
   b - Conjure Flame                  Conjuration/Fire             3
   c - Poisonous Cloud                Conjuration/Poison/Air       6
   d - Freezing Cloud                 Conjuration/Ice/Air          6
   e - Ring of Flames                 Charms/Fire                  7
 K - a book of Summonings

   Spells                             Type                      Level
   a - Recall                         Summoning/Translocation      3
   b - Aura of Abjuration             Summoning                    5
   c - Shadow Creatures               Summoning                    5
   d - Summon Demon                   Summoning                    5
   e - Summon Forest                  Summoning/Translocation      5
   f - Summon Mana Viper              Hexes/Summoning              5
Comestibles
 d - 6 meat rations
 t - 2 fruits
 z - 9 beef jerkies


   Skills:
 + Level 6.4 Fighting
 + Level 9.5 Short Blades
 + Level 8.8 Dodging
 - Level 12.7 Stealth
 + Level 0.0 Shields
 - Level 2.0 Spellcasting
 + Level 9.3 Hexes
 + Level 6.5 Invocations


You had 5 spell levels left.
You knew the following spells:

 Your Spells              Type           Power        Failure   Level  Hunger
a - Corona                Hex            ####...      1%          1    ##.....
b - Ensorcelled Hibernat  Hex/Ice        ##....       8%          2    ###....
c - Confuse               Hex            ####....     1%          3    ####...
d - Tukima's Dance        Hex            ####....     1%          3    ####...


Dungeon Overview and Level Annotations

Branches:
Dungeon (10/15)            Temple (1/1) D:5            Lair (2/8) D:9
    Orc: D:9-12

Altars:
Ashenzari
Cheibriados
Dithmenos
Elyvilon
Fedhas
Gozag
Kikubaaqudgha
Makhleb
Nemelex Xobeh
Okawaru
Qazlal
Ru
Sif Muna
Trog
Vehumet
Xom
Yredelemnul
Zin
The Shining One

Shops:
D:9 %

Annotations:
D:10 Josephine


Innate Abilities, Weirdness & Mutations

You are small and have problems with some larger weapons.
You are carnivorous and can eat meat at any time.


Message History

The spiny frog is lightly wounded.
The river rat bites you. The spiny frog stings you.
* * * LOW HITPOINT WARNING * * *
You are poisoned.
The spiny frog poisons you!
You are too injured to fight recklessly!
You are too injured to fight recklessly!
You are too injured to fight recklessly!
You are too injured to fight recklessly!
You are too injured to fight recklessly!
You feel sick. The spiny frog completely misses you.
You feel sick.
You see here a river rat corpse.
You feel sick.
You see here 11 stones.
You feel sick.
You feel sick.
You feel sick. The spiny frog stings you!!
You die...
Fedhas appreciates your contribution to the ecosystem.

#. #P..#.##...#
P..####....###..### ##
...#P.#...##.P...P###.##.
.........................
.........................
#..........#P###....##..
..........######>..##
#.......f.# #....#
#........@# #..<.#
#>..$...F.# ##..##
#.......Fr# #..#
#........(# #..#
#.......$†# # ...#
#.........#..#.P..#
...................
........†..........
....#####..#.##


You could see 2 spiny frogs, a river rat and a friendly wandering mushroom.

Vanquished Creatures
  A hydra (Lair:1)
  Erica (D:9)
  An unseen horror (D:9)
  A hill giant (D:9)
  A black mamba (Lair:1)
  A spiny frog (Lair:1)
  A komodo dragon (Lair:1)
  A polar bear (Lair:1)
  A two-headed ogre (D:8)
  A troll (D:9)
  Grinder (D:6)
  Prince Ribbit (D:6)
  A wraith (D:10)
  3 hippogriffs
  Grum (D:9)
  4 yaks (Lair:1)
  3 wolves (D:9)
  Edmund (D:6)
  2 water moccasins
  An orc warrior (D:6)
  A porcupine (Lair:1)
  3 black bears
  An eye of draining (D:10)
  An ice beast (D:9)
  3 sky beasts
  A centaur (D:5)
  7 ogres
  A phantom (D:8)
  2 crocodiles (Lair:1)
  5 giant frogs
  The ghost of Charly the Chucker, a weakling OgHu (D:3)
  2 scorpions
  6 killer bees (D:10)
  A vampire bat (Lair:1)
  5 wights (D:8)
  An electric eel (Lair:1)
  3 crimson imps
  2 quasits
  A giant frog zombie (D:5)
  Crazy Yiuf (D:4)
  3 orc priests
  2 iguanas
  2 jellies
  2 orc wizards (D:6)
  2 centaur skeletons
  A gnoll shaman (D:3)
  3 hounds
  5 worker ants
  3 hound skeletons
  6 gnolls
  19 river rats
  8 adders
  3 worms
  3 adder skeletons
  5 giant geckos
  32 orcs
  5 goblins
  4 hobgoblins
  10 jackals
  3 quokkas
  A ball python (D:2)
  14 bats
  5 giant cockroaches
  4 giant newts
  5 kobolds
  A quokka zombie (D:7)
  6 rats
233 creatures vanquished.

Vanquished Creatures (collateral kills)
  A hydra (Lair:1)
  A fire drake (Lair:1)
  A yak (Lair:1)
  An ice beast (D:9)
  A quasit (D:8)
  A hound skeleton (D:8)
  A river rat (Lair:1)
  A bat (Lair:1)
  A quokka (D:9)
9 creatures vanquished.

Vanquished Creatures (others)
  An oklob plant (Lair:1)
  A wandering mushroom (Lair:1)
  A worker ant zombie (D:10)
  A plant (Lair:1)
  101 toadstools
105 creatures vanquished.

Grand Total: 347 creatures vanquished

Notes
Turn   | Place    | Note
--------------------------------------------------------------
     0 | D:1      | FloraKitsune the Kobold Enchanter began the quest for the Orb.
     0 | D:1      | Reached XP level 1. HP: 10/10 MP: 3/3
   429 | D:1      | Reached XP level 2. HP: 4/15 MP: 0/5
   654 | D:1      | Learned a level 2 spell: Ensorcelled Hibernation
  1527 | D:2      | Reached XP level 3. HP: 17/19 MP: 0/6
  1827 | D:2      | Reached skill level 5 in Stealth
  2585 | D:2      | Reached XP level 4. HP: 24/24 MP: 4/7
  2687 | D:3      | Found a faded altar to an unknown god.
  2915 | D:3      | Found an opulent altar of Gozag.
  2959 | D:3      | Noticed Charly's ghost (weakling OgHu)
  2973 | D:2      | Learned a level 3 spell: Confuse
  3101 | D:3      | Killed Charly's ghost
  3101 | D:3      | Reached skill level 6 in Stealth
  3101 | D:3      | Reached XP level 5. HP: 26/28 MP: 2/8
  3551 | D:4      | Reached XP level 6. HP: 20/32 MP: 0/9
  3681 | D:4      | Learned a level 3 spell: Tukima's Dance
  4113 | D:4      | Reached skill level 7 in Stealth
  4355 | D:3      | Reached skill level 5 in Hexes
  4728 | D:4      | Noticed an ogre
  4981 | D:4      | Reached XP level 7. HP: 21/36 MP: 2/10
  5114 | D:4      | Noticed Crazy Yiuf
  5120 | D:4      | Killed Crazy Yiuf
  5232 | D:4      | Killed an ogre
  5232 | D:4      | Reached skill level 8 in Stealth
  5299 | D:5      | Entered Level 5 of the Dungeon
  5402 | D:5      | Found a glowing golden altar of the Shining One.
  5620 | D:5      | Found a sparkling altar of Nemelex Xobeh.
  5694 | D:5      | Reached XP level 8. HP: 41/41 MP: 3/11
  5957 | D:5      | Found a bloodstained altar of Trog.
  6031 | D:5      | Reached skill level 5 in Dodging
  6134 | D:5      | Found a staircase to the Ecumenical Temple.
  6222 | Temple   | Entered the Ecumenical Temple
  6354 | Temple   | Became a worshipper of Fedhas Madash
  6647 | D:6      | Reached skill level 9 in Stealth
  6731 | D:6      | Noticed Prince Ribbit
  6755 | D:6      | Killed Prince Ribbit
  6755 | D:6      | Reached skill level 1 in Invocations
  7066 | D:6      | Found a glowing golden altar of the Shining One.
  7368 | D:6      | Noticed Grinder
  7406 | D:6      | Paralysed by Grinder for 3 turns
  7431 | D:6      | Killed Grinder
  7431 | D:6      | Reached XP level 9. HP: 42/45 MP: 6/12
  7810 | D:6      | Noticed Edmund
  7817 | D:6      | Killed Edmund
  7817 | D:6      | Reached skill level 10 in Stealth
  7991 | D:7      | Found a shimmering altar of Xom.
  8384 | D:7      | Reached skill level 1 in Fighting
  8781 | D:7      | Reached skill level 5 in Short Blades
  9312 | D:8      | Found a sparkling altar of Nemelex Xobeh.
  9565 | D:8      | Reached * piety under Fedhas
  9826 | D:8      | Reached XP level 10. HP: 54/56 MP: 13/13
  9914 | D:8      | Reached skill level 11 in Stealth
 10044 | D:8      | Identified a -3 rod of inaccuracy (13/13) (You found it on level 8 of the Dungeon)
 10200 | D:9      | Noticed an unseen horror
 10202 | D:9      | Killed an unseen horror
 10446 | D:9      | Found a staircase to the Lair.
 10471 | D:9      | Noticed Grum
 10501 | D:9      | Killed Grum
 10758 | D:9      | Found Sefi Losh's Food Emporium.
 10768 | D:9      | Bought 3 fruits for 49 gold pieces
 10833 | D:9      | Noticed Erica
 10839 | D:9      | Killed Erica
 10918 | D:9      | Reached ** piety under Fedhas
 10958 | D:9      | Reached skill level 5 in Invocations
 11217 | D:9      | Noticed a hill giant
 11223 | D:9      | Killed a hill giant
 11223 | D:9      | Reached skill level 5 in Fighting
 11223 | D:9      | Reached XP level 11. HP: 53/63 MP: 7/14
 11299 | D:10     | Entered Level 10 of the Dungeon
 11434 | D:10     | Noticed Josephine
 11787 | D:10     | Reached skill level 12 in Stealth
 12115 | Lair:1   | Entered Level 1 of the Lair of Beasts
 12415 | Lair:1   | Noticed an eight-headed hydra
 13079 | Lair:1   | Killed an eight-headed hydra
 13081 | Lair:1   | Reached *** piety under Fedhas
 13304 | Lair:1   | Noticed a six-headed hydra
 13311 | Lair:1   | Killed a six-headed hydra
 14319 | Lair:2   | Mangled by a spiny frog

Action                   |  1- 3 |  4- 6 |  7- 9 | 10-12 || total
-------------------------+-------+-------+-------+-------++-------
Melee: Dagger            |   104 |    84 |   134 |       ||   322
       Short sword       |       |       |   156 |   273 ||   429
Throw: Throwing net      |       |       |       |     1 ||     1
 Cast: Corona            |    12 |       |       |       ||    12
       Ensorcelled Hiber |    16 |    22 |    27 |    18 ||    83
       Confuse           |       |    13 |    27 |    17 ||    57
Invok: Evolution         |       |       |     1 |     4 ||     5
  Use: Scroll            |       |     6 |     4 |     6 ||    16
       Potion            |       |       |     2 |     1 ||     3
 Stab: Sleeping          |    16 |    18 |    22 |    32 ||    88
       Confused          |       |     7 |    14 |     7 ||    28
       Distracted        |       |       |     2 |     2 ||     4
       Invisible         |       |       |     1 |     2 ||     3
       Held in net/web   |       |       |       |     1 ||     1
  Eat: Chunk             |    14 |    10 |    21 |    10 ||    55
